| TOP OF THE 1ST |
|
Rochester Red Wings batting - Pitching for Scranton WB RailRiders : LHP Nick Turner
|
|
Pitching: LHP Nick Turner
|
|
|
Batting: RHB José Molina
|
0-0: Ball 1-0: Swinging Strike 1-1: Called Strike 1-2: Ball 2-2: Strikes out swinging
|
|
Batting: SHB Ian Thompson
|
0-0: SINGLE (Flyball, 5D, EV 91.2 MPH)
|
|
Batting: SHB Manny Molina
|
0-0: Ball 1-0: Ball 2-0: Foul Ball, location: 2F 2-1: Called Strike 2-2: Ball 3-2: Strikes out swinging
|
|
Batting: RHB Colin Boddy
|
0-0: Ball 1-0: Ball 2-0: Ball Wild Pitch! Ian Thompson to second 3-0: Called Strike 3-1: SINGLE (Groundball, 56D, EV 103.8 MPH) Ian Thompson to third Runner from 3rd tries for Home, SAFE, throw by LF to home
|
|
Batting: LHB Chaim Huting
|
0-0: Ball 1-0: Ball 2-0: TRIPLE (Line Drive, 89XD, EV 103.8 MPH) Colin Boddy scores
|
|
Batting: RHB Jason Gee
|
0-0: Foul Ball, location: 2F 0-1: Fly out, F8 (Flyball, 8RM, EV 83.1 MPH)
|
| Top of the 1st over - 2 runs, 3 hits, 0 errors, 1 left on base; Rochester 2 - Scranton WB 0 |
| BOTTOM OF THE 1ST |
|
Scranton WB RailRiders batting - Pitching for Rochester Red Wings : LHP Willie Jimenez
|
|
Pitching: LHP Willie Jimenez
|
|
|
Batting: RHB Devon Utley
|
0-0: Swinging Strike 0-1: Ball 1-1: Foul Ball, location: 2F 1-2: Strikes out looking
|
|
Batting: RHB Andy Wasierski
|
0-0: Ball 1-0: Called Strike 1-1: Ball 2-1: Foul Ball, location: 2F 2-2: Ball 3-2: Base on Balls
|
|
Batting: SHB Victor Ruiz
|
0-0: Called Strike 0-1: Swinging Strike 0-2: Fly out, F4 (Popup, 34, EV 58.8 MPH)
|
|
Batting: RHB Jerry Castro
|
0-0: Called Strike 0-1: Foul Ball, location: 2F 0-2: Strikes out swinging
|
| Bottom of the 1st over - 0 runs, 0 hits, 0 errors, 1 left on base; Rochester 2 - Scranton WB 0 |
| TOP OF THE 2ND |
|
Rochester Red Wings batting - Pitching for Scranton WB RailRiders : LHP Nick Turner
|
|
Batting: RHB Ryan Gautney
|
0-0: Fly out, F9 (Flyball, 9S, EV 85.0 MPH)
|
|
Batting: RHB Pedro Pinero
|
0-0: Swinging Strike 0-1: Ball 1-1: Swinging Strike 1-2: Ball 2-2: Strikes out swinging
|
|
Batting: LHB Tyler Allen
|
0-0: Ground out 5-3 (Groundball, 5L, EV 106.9 MPH)
|
| Top of the 2nd over - 0 runs, 0 hits, 0 errors, 0 left on base; Rochester 2 - Scranton WB 0 |
| BOTTOM OF THE 2ND |
|
Scranton WB RailRiders batting - Pitching for Rochester Red Wings : LHP Willie Jimenez
|
|
Batting: SHB Jay Gagnon
|
0-0: Ball 1-0: Ball 2-0: Foul Ball, location: 2F 2-1: Swinging Strike 2-2: Strikes out swinging
|
|
Batting: RHB Mike Gifford
|
0-0: Swinging Strike 0-1: Ball 1-1: Called Strike 1-2: Strikes out looking
|
|
Batting: SHB Joe Fure
|
0-0: Ball 1-0: Ball 2-0: Swinging Strike 2-1: Foul Ball, location: 2F 2-2: Foul Ball, location: 2F 2-2: Ball 3-2: Fly out, F8 (Line Drive, 8LM, EV 91.9 MPH)
|
| Bottom of the 2nd over - 0 runs, 0 hits, 0 errors, 0 left on base; Rochester 2 - Scranton WB 0 |
| TOP OF THE 3RD |
|
Rochester Red Wings batting - Pitching for Scranton WB RailRiders : LHP Nick Turner
|
|
Batting: RHB José Molina
|
0-0: Ball 1-0: Called Strike 1-1: Called Strike 1-2: Foul Ball, location: 2F 1-2: Strikes out swinging
|
|
Batting: SHB Ian Thompson
|
0-0: Called Strike 0-1: Ball 1-1: Called Strike 1-2: Strikes out swinging
|
|
Batting: SHB Manny Molina
|
0-0: Called Strike 0-1: Foul Ball, location: 2F 0-2: Ball 1-2: Foul Ball, location: 2F 1-2: Foul Ball, location: 2F 1-2: Foul Ball, location: 2F 1-2: Ground out 4-3 (Groundball, 4, EV 79.4 MPH)
|
| Top of the 3rd over - 0 runs, 0 hits, 0 errors, 0 left on base; Rochester 2 - Scranton WB 0 |
| BOTTOM OF THE 3RD |
|
Scranton WB RailRiders batting - Pitching for Rochester Red Wings : LHP Willie Jimenez
|
|
Batting: RHB Mike Plugge
|
0-0: Foul Ball, location: 2F 0-1: Ball 1-1: Ground out U3 (Groundball, 34S, EV 81.9 MPH)
|
|
Batting: SHB Jose Vargas
|
0-0: Ball 1-0: Called Strike 1-1: Ball 2-1: Foul Ball, location: 2F 2-2: Foul Ball, location: 2F 2-2: Ball 3-2: Foul Ball, location: 2F 3-2: Foul Ball, location: 2F 3-2: SINGLE (Groundball, 34D, EV 106.2 MPH)
|
|
Batting: RHB Devon Utley
|
0-0: Called Strike 0-1: Called Strike 0-2: Fly out, F8 (Flyball, 89XD, EV 101.2 MPH)
|
|
Batting: RHB Andy Wasierski
|
0-0: Fly out, F8 (Flyball, 89D, EV 99.4 MPH)
|
| Bottom of the 3rd over - 0 runs, 1 hit, 0 errors, 1 left on base; Rochester 2 - Scranton WB 0 |
| TOP OF THE 4TH |
|
Rochester Red Wings batting - Pitching for Scranton WB RailRiders : LHP Nick Turner
|
|
Batting: RHB Colin Boddy
|
0-0: Called Strike 0-1: Swinging Strike 0-2: Ground out 5-3 (Groundball, 5L, EV 106.9 MPH)
|
|
Batting: LHB Chaim Huting
|
0-0: Called Strike 0-1: Foul Ball, location: 2F 0-2: Ball 1-2: Foul Ball, location: 2F 1-2: Strikes out swinging
|
|
Batting: RHB Jason Gee
|
0-0: Ball 1-0: Fly out, F8 (Flyball, 8RXD, EV 88.8 MPH)
|
| Top of the 4th over - 0 runs, 0 hits, 0 errors, 0 left on base; Rochester 2 - Scranton WB 0 |
| BOTTOM OF THE 4TH |
|
Scranton WB RailRiders batting - Pitching for Rochester Red Wings : LHP Willie Jimenez
|
|
Batting: SHB Victor Ruiz
|
0-0: Called Strike 0-1: Ball 1-1: Foul Ball, location: 2F 1-2: Foul Ball, location: 2F 1-2: SINGLE (Groundball, 6MD, EV 104.4 MPH)
|
|
Batting: RHB Jerry Castro
|
0-0: Called Strike 0-1: Ball 1-1: Called Strike Victor Ruiz steals 2nd base 1-2: Foul Ball, location: 2F 1-2: Foul Ball, location: 2F 1-2: Ball 2-2: Foul Ball, location: 2F 2-2: Strikes out swinging
|
|
Batting: SHB Jay Gagnon
|
0-0: Swinging Strike 0-1: Ball 1-1: Foul Ball, location: 2F 1-2: Ball 2-2: Foul Ball, location: 2F 2-2: Foul Ball, location: 2F 2-2: Fly out, F8 (Line Drive, 8LD, EV 108.1 MPH)
|
|
Batting: RHB Mike Gifford
|
0-0: Ball 1-0: Called Strike 1-1: Foul Ball, location: 2F 1-2: Ball 2-2: Foul Ball, location: 2F 2-2: Ball 3-2: Strikes out swinging
|
| Bottom of the 4th over - 0 runs, 1 hit, 0 errors, 1 left on base; Rochester 2 - Scranton WB 0 |
| TOP OF THE 5TH |
|
Rochester Red Wings batting - Pitching for Scranton WB RailRiders : LHP Nick Turner
|
|
Batting: RHB Ryan Gautney
|
0-0: Ground out 6-3 (Groundball, 6, EV 111.9 MPH)
|
|
Batting: RHB Pedro Pinero
|
0-0: Swinging Strike 0-1: Ball 1-1: Ball 2-1: Ground out 4-3 (Groundball, 4, EV 85.0 MPH)
|
|
Batting: LHB Tyler Allen
|
0-0: Ball 1-0: Ball 2-0: Ball 3-0: Called Strike 3-1: Ground out 5-3 (Groundball, 5L, EV 108.8 MPH)
|
| Top of the 5th over - 0 runs, 0 hits, 0 errors, 0 left on base; Rochester 2 - Scranton WB 0 |
| BOTTOM OF THE 5TH |
|
Scranton WB RailRiders batting - Pitching for Rochester Red Wings : LHP Willie Jimenez
|
|
Batting: SHB Joe Fure
|
0-0: Ball 1-0: Ball 2-0: Called Strike 2-1: Foul Ball, location: 2F 2-2: SINGLE (Flyball, 89S, EV 98.8 MPH)
|
|
Batting: RHB Mike Plugge
|
0-0: Swinging Strike 0-1: Foul Ball, location: 2F 0-2: Foul Ball, location: 2F 0-2: DOUBLE (Line Drive, 3D, EV 99.4 MPH) Joe Fure to third
|
|
Batting: SHB Jose Vargas
|
0-0: Ball 1-0: Swinging Strike 1-1: Foul Ball, location: 2F 1-2: Strikes out looking
|
|
Batting: RHB Devon Utley
|
0-0: Fly out, F8 (Flyball, 89M, EV 97.5 MPH)
|
|
Batting: RHB Andy Wasierski
|
0-0: Swinging Strike 0-1: Ball 1-1: Ground out 6-3 (Groundball, 6M, EV 87.5 MPH)
|
| Bottom of the 5th over - 0 runs, 2 hits, 0 errors, 2 left on base; Rochester 2 - Scranton WB 0 |
| TOP OF THE 6TH |
|
Rochester Red Wings batting - Pitching for Scranton WB RailRiders : LHP Nick Turner
|
|
Batting: RHB José Molina
|
0-0: Ball 1-0: Called Strike 1-1: Fly out, F9 (Flyball, 9, EV 90.6 MPH)
|
|
Batting: SHB Ian Thompson
|
0-0: Called Strike 0-1: Called Strike 0-2: Strikes out swinging
|
|
Batting: SHB Manny Molina
|
0-0: Called Strike 0-1: Foul Ball, location: 2F 0-2: Strikes out looking
|
| Top of the 6th over - 0 runs, 0 hits, 0 errors, 0 left on base; Rochester 2 - Scranton WB 0 |
| BOTTOM OF THE 6TH |
|
Scranton WB RailRiders batting - Pitching for Rochester Red Wings : LHP Willie Jimenez
|
|
Batting: SHB Victor Ruiz
|
0-0: Ground out 5-3 (Groundball, 56S, EV 91.9 MPH)
|
|
Batting: RHB Jerry Castro
|
0-0: SINGLE (Line Drive, 6MD, EV 96.2 MPH)
|
|
Batting: SHB Jay Gagnon
|
0-0: Grounds into double play, 5-4-3 (Groundball, 56S, EV 88.8 MPH)
|
| Bottom of the 6th over - 0 runs, 1 hit, 0 errors, 0 left on base; Rochester 2 - Scranton WB 0 |
| TOP OF THE 7TH |
|
Rochester Red Wings batting - Pitching for Scranton WB RailRiders : LHP Nick Turner
|
|
Batting: RHB Colin Boddy
|
0-0: Called Strike 0-1: Ball 1-1: Ball 2-1: Ground out 6-3 (Groundball, 6, EV 88.8 MPH)
|
|
Batting: LHB Chaim Huting
|
0-0: Ball 1-0: Called Strike 1-1: Ball 2-1: Ball 3-1: Foul Ball, location: 2F 3-2: SINGLE (Line Drive, 7LS, EV 100.0 MPH)
|
|
Batting: RHB Jason Gee
|
0-0: Ball 1-0: Called Strike 1-1: Swinging Strike 1-2: Ball 2-2: Foul Ball, location: 2F 2-2: Strikes out swinging
|
|
Batting: RHB Ryan Gautney
|
0-0: Ball 1-0: Ball 2-0: Fielders Choice at 2nd, 6-4 (Groundball, 6, EV 103.1 MPH)
|
| Top of the 7th over - 0 runs, 1 hit, 0 errors, 1 left on base; Rochester 2 - Scranton WB 0 |
| BOTTOM OF THE 7TH |
|
Scranton WB RailRiders batting - Pitching for Rochester Red Wings : LHP Willie Jimenez
|
|
Batting: RHB Mike Gifford
|
0-0: Ground out 6-3 (Groundball, 6, EV 98.1 MPH)
|
|
Batting: SHB Joe Fure
|
0-0: Hit by Pitch
|
|
Batting: RHB Mike Plugge
|
0-0: Ball 1-0: Called Strike 1-1: Ball 2-1: Ball 3-1: Base on Balls Joe Fure to second
|
|
Pitching: LHP Josh Gunderson
|
|
|
Batting: SHB Jose Vargas
|
0-0: Foul Ball, location: 2F 0-1: Swinging Strike 0-2: Ball 1-2: Fly out, F8 (Flyball, 8RD, EV 100.0 MPH)
|
|
Batting: RHB Devon Utley
|
0-0: Ball 1-0: Foul Ball, location: 2F 1-1: Called Strike 1-2: Fly out, F8 (Flyball, 8RD, EV 91.9 MPH)
|
| Bottom of the 7th over - 0 runs, 0 hits, 0 errors, 2 left on base; Rochester 2 - Scranton WB 0 |
| TOP OF THE 8TH |
|
Rochester Red Wings batting - Pitching for Scranton WB RailRiders : LHP Nick Turner
|
|
Batting: RHB Pedro Pinero
|
0-0: SINGLE (Groundball, 4D, EV 107.5 MPH)
|
|
Batting: LHB Tyler Allen
|
0-0: Sac Bunt to 15 - play at first, batter OUT! 1-3 Pedro Pinero to second
|
|
Pitching: LHP Jay Turpin
|
|
|
Batting: RHB José Molina
|
0-0: Foul Ball, location: 2F 0-1: Foul Ball, location: 2F 0-2: Ball 1-2: Ball 2-2: Ball 3-2: Fly out, F6 (Popup, 15, EV 85.6 MPH)
|
|
Batting: SHB Ian Thompson
|
0-0: Ball 1-0: Reached on error, E6 (Groundball, 6, EV 91.9 MPH) Pedro Pinero scores
|
|
Batting: SHB Manny Molina
|
0-0: Foul Ball, location: 2F 0-1: Ball 1-1: Foul Ball, location: 2F 1-2: Foul Ball, location: 2F 1-2: Ball 2-2: Fly out, F3 (Popup, 3SF, EV 77.5 MPH)
|
| Top of the 8th over - 1 run, 1 hit, 1 error, 1 left on base; Rochester 3 - Scranton WB 0 |
| BOTTOM OF THE 8TH |
|
Scranton WB RailRiders batting - Pitching for Rochester Red Wings : LHP Josh Gunderson
|
|
Batting: RHB Andy Wasierski
|
0-0: Ground out 4-3 (Groundball, 4M, EV 88.8 MPH)
|
|
Batting: SHB Victor Ruiz
|
0-0: Called Strike 0-1: SINGLE (Groundball, 6D, EV 110.0 MPH)
|
|
Batting: RHB Jerry Castro
|
0-0: SINGLE (Groundball, 6MD, EV 98.1 MPH) Victor Ruiz to second Runner from 2nd tries for 3rd, SAFE, throw by CF made to third Jerry Castro to second
|
|
Batting: SHB Jay Gagnon
|
0-0: Called Strike 0-1: Called Strike 0-2: Ball 1-2: Ball 2-2: Foul Ball, location: 2F 2-2: Ground out 5-3 (Groundball, 56S, EV 63.8 MPH) Victor Ruiz scores Jerry Castro to third
|
|
Batting: RHB Mike Gifford
|
0-0: Called Strike 0-1: Ball 1-1: Foul Ball, location: 2F 1-2: Strikes out swinging
|
| Bottom of the 8th over - 1 run, 2 hits, 0 errors, 1 left on base; Rochester 3 - Scranton WB 1 |
| TOP OF THE 9TH |
|
Rochester Red Wings batting - Pitching for Scranton WB RailRiders : LHP Jay Turpin
|
|
Batting: RHB Colin Boddy
|
0-0: Ball 1-0: Swinging Strike 1-1: Ground out 6-3 (Groundball, 6, EV 106.2 MPH)
|
|
Batting: LHB Chaim Huting
|
0-0: Ball 1-0: Foul Ball, location: 2F 1-1: Foul Ball, location: 2F 1-2: Ground out 6-3 (Groundball, 6MS, EV 85.6 MPH)
|
|
Batting: RHB Jason Gee
|
0-0: Called Strike 0-1: Foul Ball, location: 2F 0-2: Strikes out swinging
|
| Top of the 9th over - 0 runs, 0 hits, 0 errors, 0 left on base; Rochester 3 - Scranton WB 1 |
| BOTTOM OF THE 9TH |
|
Scranton WB RailRiders batting - Pitching for Rochester Red Wings : LHP Josh Gunderson
|
|
Pitching: RHP Matt Springer
|
|
|
Now at 1B: Cyril Husson
|
|
|
Now at 3B: Ryan Gautney
|
|
|
Batting: SHB Joe Fure
|
0-0: SINGLE (Groundball, 25, EV 73.1 MPH) (infield hit)
|
|
Pinch Hitting: LHB Aaron Joyner
|
0-0: Ball 1-0: Called Strike 1-1: Foul Ball, location: 2F 1-2: Ball 2-2: Strikes out swinging
|
|
Batting: SHB Jose Vargas
|
0-0: Swinging Strike 0-1: Called Strike 0-2: Ball 1-2: Ball 2-2: Foul Ball, location: 2F 2-2: Strikes out looking
|
|
Batting: RHB Devon Utley
|
0-0: Ball 1-0: Ball Wild Pitch! Joe Fure to second 2-0: Foul Ball, location: 2F 2-1: Foul Ball, location: 2F 2-2: Ground out 6-3 (Groundball, 6S, EV 81.9 MPH)
|
| Bottom of the 9th over - 0 runs, 1 hit, 0 errors, 1 left on base; Rochester 3 - Scranton WB 1 |
|